 Dungeon Crawl Stone Soup version 0.31-a0-920-g28cbb04a8c (webtiles) character file.

Game seed: 12918180564214830595

25 MachoJfn the Chiller (level 2, 0/28 HPs)
             Began as a Demonspawn Ice Elementalist on Oct 16, 2023.
             Slain by a hobgoblin (1 damage)
             ... led by Robin
             ... on level 2 of the Dungeon on Oct 17, 2023.
             The game lasted 00:02:02 (1034 turns).

MachoJfn the Chiller (Demonspawn Ice Elementalist)  Turns: 1034, Time: 00:02:02

Health: 0/28       AC: 21    Str:  8    XL:     2   Next: 82%
Magic:  1/5        EV:  2    Int: 16    God:
Gold:   49         SH:  0    Dex: 13    Spells: 4/5 levels left

rFire   . . .        d - +0 short sword
rCold   . . .        (no shield)
rNeg    . . .        a - melded +0 robe
rPois   +            (helmet currently unavailable)
rElec   .            (cloak currently unavailable)
rCorr   .            (gloves currently unavailable)
SInv    .            (boots currently unavailable)
Will    .....        (no amulet)
Stlth   ++           (no ring)
HPRegen 0.24/turn    (no ring)
MPRegen 0.09/turn

%: no passive effects
@: tree-form
A: stationary, stasis, torment immunity, boosted hp, demonic magic 1
a: no special abilities


You were on level 2 of the Dungeon.
You were a tree.
You visited 1 branch of the dungeon, and saw 2 of its levels.

You collected 49 gold pieces.

Inventory:

Hand Weapons
 d - a +0 short sword (weapon)
Missiles
 e - 19 stones
Armour
 a - a +0 robe (melded)
Potions
 b - a potion of magic


   Skills:
 + Level 1.8 Dodging
 + Level 1.8 Stealth
 + Level 2.3 Spellcasting
 + Level 4.2 Ice Magic


You had 4 spell levels left.
You knew the following spells:

 Your Spells              Type           Power      Damage    Failure   Level
a - Freeze                Ice            60%        1d7       3%          1

Your spell library contained the following spells:

 Spells                   Type           Power      Damage    Failure   Level
 Frozen Ramparts          Ice            30%        1d5       11%         3
 Ozocubu's Armour         Ice            15%        N/A       11%         3
 Summon Ice Beast         Ice/Summ       8%         N/A       63%         4


Dungeon Overview and Level Annotations

Branches:
Dungeon (2/15)

Altars:

Annotations:
D:2 Robin


Innate Abilities, Weirdness & Mutations

You are a tree.
Your roots penetrate the ground, keeping you stationary.
You cannot be teleported.
You are immune to unholy pain and torment.
Your maximum health is greatly increased.
Your equipment is partially melded.
Spells you cast may paralyse adjacent enemies.


Message History

The helpless goblin fails to defend itself.
You puncture the goblin!
You kill the goblin!
The hobgoblin hits you.
A goblin comes into view. It is wielding a +0 dagger.
You closely miss the goblin. The hobgoblin misses you.
Robin of the Strong Arm comes into view.
They are wielding a +6 club.
The goblin hits you with a +0 club.
Casting: Freeze (safe; 3% risk of failure)
Confirm with . or Enter, or press ? or * to list all spells.
Aiming: Freeze (safe; 3% risk of failure)
Press: ? - help, Shift-Dir - straight line, f/p - endoplasm
Aim: an endoplasm (moderately wounded, paralysed)
You freeze the endoplasm.
The endoplasm is almost dead.
Malevolent energies surge around you.
Robin shouts!
The hobgoblin hits you.
A goblin comes into view. It is wielding a +0 dagger.
The goblin hits you with a +0 club.
Casting: Freeze (safe; 3% risk of failure)
Confirm with . or Enter, or press ? or * to list all spells.
You don't have enough magic to cast this spell.
The helpless endoplasm fails to defend itself.
You hit the endoplasm.
You kill the endoplasm!
The hobgoblin closely misses you. The goblin hits you with a +0 club.
* * * LOW HITPOINT WARNING * * *
The goblin shouts!
You hit the hobgoblin. Your punch misses the hobgoblin.
The hobgoblin is heavily wounded.
You hear a shout! x2
The hobgoblin hits you.
* * * LOW HITPOINT WARNING * * *
The hobgoblin barely misses you. The goblin hits you with a +0 club.
* * * LOW HITPOINT WARNING * * *
It was a potion of lignification.
You turn into a tree.
Your +0 robe melds into your body.
Your roots penetrate the ground.
The hobgoblin barely misses you. The hobgoblin hits you.
You die...

......#<......#......
......#.##.##.....#
###...#.##.##.#...###
.....#.##.##.......#
.##..##.##.##.....#.#
#..
#...........#.####
...
.................#
##.#.##....g#.##.#
.........♣gS.....
.........gg......
....#...##.#.##.#
.......# ..... #
...#.#.# .#.###
...... .g.# .## . ..
#


gg. You could see Robin, an adder, 2 hobgoblins and 4 goblins.

Vanquished Creatures
  3 bats (D:1)
  6 endoplasms
  5 goblins
  A hobgoblin (D:1)
  3 ball pythons
  2 frilled lizards (D:1)
  A kobold (D:1)
21 creatures vanquished.

Notes
Turn   | Place    | Note
-------+----------+-------------------------------------------
     0 | D:1      | MachoJfn the Demonspawn Ice Elementalist began the quest
                  | for the Orb.
     0 | D:1      | Reached XP level 1. HP: 13/13 MP: 3/3
   403 | D:1      | Reached skill level 4 in Ice Magic
   403 | D:1      | Gained mutation: Spells you cast may paralyse adjacent
                  | enemies. [demonic ancestry]
   403 | D:1      | Reached XP level 2. HP: 13/19 MP: 0/5
   662 | D:1      | Upgraded the game from 0.31-a0-889-g1a8549509d to
                  | 0.31-a0-920-g28cbb04a8c
  1030 | D:2      | Noticed Robin
  1034 | D:2      | Slain by a hobgoblin

Illustrated notes

Levels and vault maps discovered:
D:1:      dpeg_arrival_rhombus, layout_loops_ring, minmay_door_square,
          nicolae_figureground_pulse
D:2:      layout_basic, serial_shops, shop, hangedman_decor_opposing,
          uniq_terence, uniq_robin

Skill      XL: |  1 |
---------------+----+-----
Ice Magic      | 4 |  4.2
Dodging        | |  1.8
Stealth        | |  1.8
Spellcasting   | |  2.3

Action                     || total
---------------------------++-------
  Melee: Short sword       ||     9
   Cast: Freeze            ||    30
    Use: Potion            ||     1
   Stab: Paralysed         ||     4
 Armour: Robe              ||    16
         Skin              ||     1
  Dodge: Dodged            ||    25

Table legend: (Time is in decaauts)
 A = Elapsed time spent in this place.
 B = Non-inter-level travel time spent in this place.
 C = Inter-level travel time spent in this place.
 D = Time resting spent in this place.
 E = Time spent auto-exploring this place.
 F = Levels seen in this place.
 G = Mean time per level.
                   A        B        C        D        E       F      G
               +--------+--------+--------+--------+--------+-----+--------+
         Total |   1033 |   1012 |     21 |     28 |    846 |   2 |  516.5 |
       Dungeon |   1033 |   1012 |     21 |     28 |    846 |   2 |  516.5 |
               +--------+--------+--------+--------+--------+-----+--------+

Top non-repeatable levels by time:
     D:1: 976 daAuts
     D:2: 56 daAuts
